 Dungeon Crawl Stone Soup version 0.16.1-30-g34a7ffa (webtiles) character file.

597 Jb9000 the Skirmisher (level 7, -2/44 HPs)
             Began as a Gargoyle Fighter on June 24, 2015.
             Was a Follower of Dithmenos.
             Slain by an ogre
             ... wielding a +0 giant club
              (17 damage)
             ... on level 6 of the Dungeon.
             The game lasted 00:18:59 (3171 turns).

Jb9000 the Skirmisher (Gargoyle Fighter)            Turns: 3171, Time: 00:18:59

Health: -2/44      AC: 13    Str: 20    XL:     7   Next: 40%
Magic:  7/7        EV:  8    Int:  8    God:    Dithmenos [*.....]
Gold:   160        SH:  9    Dex: 11    Spells: 0 memorised, 6 levels left

rFire  x . .     SeeInvis .     a - +4 trident
rCold  + . .     Clarity  .     b - +0 scale mail
rNeg   + . .     SustAb   .     c - +0 shield
rPois  ∞         Gourm    .     n - +0 helmet
rElec  +         Spirit   .     (no cloak)
rCorr  .         Warding  .     (no gloves)
rMut   .         Stasis   .     (no boots)
MR     .....                    (no amulet)
Stlth  +.........               (no ring)
                                p - ring of ice

@: wreathed by umbra, not resistant to hostile enchantments, very unstealthy
A: negative energy resistance 1, electricity resistance, unbreathing,
petrification resistance, rot immunity, AC +4
a: Renounce Religion


You were on level 6 of the Dungeon.
You worshipped Dithmenos.
Dithmenos was aware of your devotion.
You were not hungry.

You visited 1 branch of the dungeon, and saw 5 of its levels.

You collected 160 gold pieces.

Inventory:

Hand weapons
 a - a +4 trident (weapon)
 m - a +0 flail
 q - a +0 blowgun
 y - a +1 dagger of draining
Missiles
 h - 26 arrows
 k - 53 poisoned needles (quivered)
 x - 17 poisoned arrows
Armour
 b - a +0 scale mail (worn)
 c - a +0 shield (worn)
 n - a +0 helmet (worn)
Jewellery
 p - a ring of ice (left hand)
 v - an uncursed amulet of resist mutation
Scrolls
 l - a scroll of amnesia {unknown}
 r - 3 scrolls of identify
 s - a scroll of enchant weapon
 A - a scroll of teleportation
 C - a scroll of blinking {unknown}
Potions
 e - a potion of might
 g - a potion of curing {unknown}
 j - a potion of degeneration {unknown}
 o - a potion of heal wounds {unknown}
 u - a potion of magic {unknown}
 w - a potion of lignification {unknown}
 z - 2 potions of resistance {unknown}
 B - a potion of ambrosia {unknown}
Comestibles
 d - 4 bread rations
 f - 7 chunks of flesh
 i - 2 meat rations


   Skills:
 + Level 4.5 Fighting
 - Level 2.6 Maces & Flails
 * Level 2.4 Polearms
 * Level 2.1 Throwing
 + Level 4.3 Armour
 + Level 2.0 Dodging
 * Level 3.6 Stealth
 + Level 4.3 Shields


You had 6 spell levels left.
You didn't know any spells.

Dungeon Overview and Level Annotations

Branches:
Dungeon (6/15)
 Temple: D:4-7

Altars:
Cheibriados
Dithmenos
Gozag
Nemelex Xobeh
Vehumet
Xom


Innate Abilities, Weirdness & Mutations

You are resistant to torment.
You are immune to poison.
Your stone body is very resilient (AC +4).
You resist negative energy.
You are resistant to electric shocks.
You can survive without breathing.
You are immune to petrification.
You are immune to rotting.


Message History

f - 7 chunks of flesh (gained 2)
k - 51 poisoned needles (gained 2)
k - 52 poisoned needles (gained 1)
Found 19 stones.
k - 53 poisoned needles (gained 1)
You see here 19 stones.
An ogre comes into view. It is wielding a giant club.
The ogre shouts!
The ogre hits you with a giant club!
Found 17 arrows of frost.
The ogre hits you with a giant club!
Wield which item (- for none, * to show all)? (? for menu, Esc to quit)
a - a +4 trident (weapon)
You closely miss the ogre. The ogre hits you with a giant club!
Use which ability? (? or * to list)
Okay, then.
Drink which item? (? for menu, Esc to quit)
It was a potion of cure mutation.
It has a very clean taste.
The ogre hits you with a giant club!
You die...

#.#..._... .
##.#....... ..
### #..##..⌠..#
#..( ...
#.####...##
#...##.# #.#
##### #...#.#
#.# #.....# #.#
#.....########.#
#...O@....(..#
###.##########
#.## ..# ###


You could see an ogre.

Vanquished Creatures
  Edmund (D:4)
  A phantom (D:4)
  An ogre (D:4)
  Sigmund (D:2)
  A scorpion (D:6)
  An orc wizard (D:4)
  Robin (D:2)
  3 adders
  4 worms
  An adder skeleton (D:4)
  A giant gecko (D:4)
  8 orcs
  A ball python (D:2)
  8 bats
  3 giant cockroaches
  16 goblins
  14 hobgoblins
  2 jackals (D:3)
  8 kobolds
  2 quokkas
  7 giant newts
  6 rats
91 creatures vanquished.

Notes
Turn   | Place    | Note
--------------------------------------------------------------
     0 | D:1      | Jb9000, the Gargoyle Fighter, began the quest for the Orb.
     0 | D:1      | Reached XP level 1. HP: 14/14 MP: 1/1
    96 | D:1      | Reached XP level 2. HP: 17/19 MP: 2/2
   811 | D:2      | Reached XP level 3. HP: 24/24 MP: 3/3
   830 | D:2      | Noticed Sigmund
   851 | D:2      | Killed Sigmund
   851 | D:2      | Reached skill level 4 in Fighting
   851 | D:2      | Reached skill level 1 in Dodging
   851 | D:2      | Reached skill level 1 in Stealth
   851 | D:2      | Reached XP level 4. HP: 20/29 MP: 4/4
  1207 | D:2      | Noticed Robin
  1215 | D:2      | Reached XP level 5. HP: 29/33 MP: 5/5
  1222 | D:2      | Killed Robin
  1406 | D:2      | Found a snail-covered altar of Cheibriados.
  1856 | D:2      | Found a shadowy altar of Dithmenos.
  1857 | D:2      | Found a shimmering altar of Xom.
  1864 | D:2      | Became a worshipper of Dithmenos the Shadowed
  2388 | D:3      | Found an opulent altar of Gozag.
  2576 | D:3      | Found a radiant altar of Vehumet.
  2706 | D:4      | Reached skill level 1 in Polearms
  2758 | D:4      | Reached XP level 6. HP: 38/38 MP: 6/6
  2901 | D:4      | Noticed a phantom
  2916 | D:4      | Killed a phantom
  2916 | D:4      | Reached skill level 1 in Throwing
  2933 | D:4      | Noticed an ogre
  2967 | D:4      | Killed an ogre
  2967 | D:4      | Reached XP level 7. HP: 27/44 MP: 7/7
  3082 | D:4      | Noticed Edmund
  3102 | D:4      | Killed Edmund
  3131 | D:4      | You fall through a shaft for 2 floors!
  3131 | D:6      | Found a sparkling altar of Nemelex Xobeh.
  3131 | D:6      | Found an opulent altar of Gozag.
  3171 | D:6      | Slain by an ogre

Action                   |  1- 3 |  4- 6 |  7- 9 || total
-------------------------+-------+-------+-------++-------
Melee: Flail             |    90 |    42 |       ||   132
       Trident           |       |   158 |    24 ||   182
 Fire: Blowgun           |       |    22 |     7 ||    29
  Use: Scroll            |     1 |     5 |       ||     6
       Potion            |       |     1 |     1 ||     2
  Eat: Chunk             |       |     7 |     1 ||     8
